 Dungeon Crawl Stone Soup version 0.25-a0-362-g90ccd6aac3 (console) character file.

Game seed: 1010019803354212242, levelgen mode: deterministic

8 Kagalorn the Vexing (level 2, 0/25 HPs)
             Began as a Naga Arcane Marksman on Jan 4, 2020.
             Slain by a jackal (2 damage)
             ... on level 1 of the Dungeon.
             The game lasted 00:00:42 (289 turns).

Kagalorn the Vexing (Naga Arcane Marksman)           Turns: 289, Time: 00:00:42

Health: 0/25       AC:  1    Str: 12    XL:     2   Next: 8%
Magic:  3/3        EV: 10    Int: 13    God:
Gold:   12         SH:  0    Dex: 11    Spells: 2/3 levels left

rFire    . . .     SeeInvis +   (no weapon)
rCold    . . .     Gourm    .   (no shield)
rNeg     . . .     Faith    .   e - +0 robe
rPois    +         Spirit   .   (no helmet)
rElec    .         Reflect  .   (no cloak)
rCorr    .         Harm     .   (no gloves)
MR       .....                  (no barding)
Stlth    ++........             (no amulet)
HPRegen  0.08/turn              (no ring)
MPRegen  0.08/turn              (no ring)

@: short of breath, very slow
A: large, see invisible, deformed body, poison resistance, slowness 2, slow
metabolism 1, spit poison 1, AC +0
a: Spit Poison


You were on level 1 of the Dungeon.
You were not hungry.

You visited 1 branch of the dungeon, and saw 1 of its levels.

You collected 12 gold pieces.

Inventory:

Hand Weapons
 a - a +0 shortbow
Missiles
 d - 42 arrows
Armour
 e - a +0 robe (worn)
Jewellery
 b - a cursed -3 ring of strength {unknown}
Comestibles
 c - a chunk of flesh
 f - a ration


   Skills:
 - Level 1.0 Fighting
 - Level 1.7 Bows
 - Level 1.5 Dodging
 * Level 2.8 Stealth
 - Level 1.0 Spellcasting
 - Level 3.0 Hexes


You had 2 spell levels left.
You knew the following spells:

 Your Spells              Type           Power        Failure   Level  Hunger
a - Corona                Hex            #......      9%          1    ##.....

Your spell library contained the following spells:

 Spells                   Type           Power        Failure   Level  Hunger
 Slow                     Hex            #.......     12%         2    ###....
 Inner Flame              Hex/Fire       #.......     41%         3    ####...
 Portal Projectile        Hex/Tloc       #.....       41%         3    ####...
 Cause Fear               Hex            #.........   63%         4    #####..
 Leda's Liquefaction      Hex/Erth       #.........   83%         4    #####..


Dungeon Overview and Level Annotations

Branches:
Dungeon (1/15)

Altars:


Innate Abilities, Weirdness & Mutations

You cannot wear boots.
Your serpentine skin is tough. (AC +0)
You have supernaturally acute eyesight. (SInv)
Armour fits poorly on your strangely shaped body.
Your system is resistant to poisons. (rPois)
You cover ground very slowly.
You have a slow metabolism.
You can spit poison.


Message History

You hit the frilled lizard but do no damage.
The frilled lizard bites you.
* * * LOW HITPOINT WARNING * * *
You hit the frilled lizard.
The frilled lizard is severely wounded.
You have got your breath back.
The frilled lizard barely misses you.
Press: ? - help, Shift-Dir - straight line, f - frilled lizard
Aim: a frilled lizard (severely wounded)
The splash of poison misses the frilled lizard.
The splash of poison misses the jackal.
You feel slightly more hungry. The frilled lizard barely misses you.
You barely miss the frilled lizard.
The frilled lizard is severely wounded.
The frilled lizard bites you.
* * * LOW HITPOINT WARNING * * *
You hit the frilled lizard.
You kill the frilled lizard!
The jackal bites you.
You die...

..... #>.........## #..#..
.....###+#.......).# #..#..
.................#†# #..##.
.................#.# #..###
#..............#.## #.....
#...†....#######..# #.....
#........# ##.## #.....
#........########..####.....
#.........h@..........÷.....
..........#########..###.....
...######..# ##.# ##.... ...
....# #.. #8... .. ###.##
##.####''' #+# .#......
.#...... .#...... .#≈.....


You could see a jackal.

Vanquished Creatures
  2 goblins (D:1)
  A hobgoblin (D:1)
  A jackal (D:1)
  A frilled lizard (D:1)
  A kobold (D:1)
  2 rats (D:1)
8 creatures vanquished.

Notes
Turn   | Place    | Note
-------+----------+-------------------------------------------
     0 | D:1      | Kagalorn the Naga Arcane Marksman began the quest for the
                  | Orb.
     0 | D:1      | Reached XP level 1. HP: 18/18 MP: 2/2
    71 | D:1      | Reached skill level 1 in Stealth
   284 | D:1      | Reached XP level 2. HP: 6/25 MP: 3/3
   289 | D:1      | Slain by a jackal

Levels and vault maps discovered:
D:1:      scummos_arrival_gate, layout_basic, minmay_misc_feat_enclosed

Skill      XL: |  1 |
---------------+----+-----
Stealth        | 2 |  2.8
Fighting       | |  1.0
Bows           | |  1.7
Dodging        | |  1.5
Spellcasting   | |  1.0
Hexes          | |  3.0

Action                   || total
-------------------------++-------
Melee: Unarmed           ||    36
 Abil: Spit Poison       ||    11
Armor: Robe              ||     6
Dodge: Dodged            ||    20

Table legend:
 A = Non-vault XP
 B = Vault XP
 C = Vault XP percentage of total XP
 D = Non-vault monster count
 E = Vault monster count
 F = Vault count percentage of total count
                 A         B        C        D         E       F
            +---------+---------+-------+---------+---------+-------
      Total |      12 |       0 |   0.0 |       8 |       0 |   0.0
            +---------+---------+-------+---------+---------+-------
        D:1 |      12 |       0 |   0.0 |       8 |       0 |   0.0
            +---------+---------+-------+---------+---------+-------
